Map: Bridgehead LE (Void)

Players

IIIIIIIIIIII

  • Race: Zerg Zerg
  • League: Master

Beastyqt - Winner!

  • Race: Terran Terran
  • League: Master

Event: Lycan League Weekly August #1

VOD

Have the link to the VOD?

Description

Time

  • Played on: Aug. 3, 2015, 12:55 p.m.
  • Length: 3:50

All games in this series

Show
View Real Time Build Order
Export as new Build Order

IIIIIIIIIIII Zerg 

Build Orders: Hatch First 

Get SALT Encoding   

  12  0:01  Drone  
  13  0:13  Overlord  
  13  0:17  Drone  
  14  0:32  Drone x2  
  16  0:37  Drone  
  17  0:55  Hatchery  
  16  0:57  Drone  
  16  1:03  Extractor  
  16  1:07  Drone  
  17  1:16  Spawning Pool  
  16  1:20  Drone  
  17  1:34  Drone x2  
  19  1:43  Overlord  
  19  2:04  Metabolic Boost  
  19  2:09  Spine Crawler x2, Queen  
  19  2:11  Zergling x2  
  20  2:15  Zergling x2  
  20  2:18  Zergling x2  
  22  2:23  Zergling x2  
  23  2:31  Zergling x6  
  26  2:52  Queen  
  26  2:57  Zergling x2  
  26  2:58  Zergling x4  
  31  3:06  Overlord  
  31  3:16  Overlord  
  31  3:21  Zergling x6  
  35  3:27  Drone  
  37  3:34  Roach Warren  
Show
View Real Time Build Order
Export as new Build Order

Beastyqt Terran - Winner!

Build Orders: Siege Tank Drop 

Get SALT Encoding   

  12  0:01  SCV  
  13  0:13  SCV  
  14  0:18  Supply Depot  
  14  0:25  SCV  
  15  0:40  SCV  
  15  0:41  Barracks  
  16  0:47  Refinery  
  17  0:57  SCV  
  17  1:09  SCV  
  18  1:21  SCV  
  19  1:27  Refinery  
  19  1:29  Marine  
  20  1:33  Orbital Command  
  20  1:39  Supply Depot  
  20  1:48  Factory  
  20  1:51  Marine  
  21  1:59  SCV  
  22  2:05  Supply Depot  
  22  2:09  Marine  
  22  2:12  SCV  
  24  2:24  SCV  
  24  2:26  Marine  
  24  2:28  Bunker  
  26  2:33  Factory Tech Lab  
  26  2:36  SCV  
  27  2:37  Starport  
  27  2:44  Marine  
  27  2:48  SCV  
  29  2:55  Siege Tank  
  32  3:00  SCV  
  32  3:02  Marine  
  34  3:06  Supply Depot  
  34  3:11  Supply Depot  
  34  3:16  Medivac  
  34  3:18  SCV  
  37  3:21  Marine  
  37  3:25  Bunker  
  41  3:39  Bunker  

Tags
 
Add a new tag
Caveats
  • Supply blocks, unpowered buildings, or Contaminate may cause inaccurate times.
  • Supply counts are checked every 10 seconds.